 Dungeon Crawl Stone Soup version 0.19.0-24-gb05acd6 (webtiles) character file.

291 Krapule the Caller (level 6, -2/46 HPs)
             Began as a Formicid Summoner on Nov 20, 2016.
             Was a Follower of Cheibriados.
             Slain by Duvessa
             ... wielding a +0 rapier
              (8 damage)
             ... on level 5 of the Dungeon.
             The game lasted 00:17:47 (3906 turns).

Krapule the Caller (Formicid Summoner)              Turns: 3906, Time: 00:17:49

Health: -2/46      AC:  6    Str: 19    XL:     6   Next: 58%
Magic:  6/11       EV: 11    Int: 18    God:    Cheibriados [*.....]
Gold:   136        SH:  0    Dex: 14    Spells: 2 memorised, 9 levels left

rFire  . . .     SeeInvis +     u - +0 falchion
rCold  . . .     Gourm    .     o - +0 ring mail
rNeg   . . .     Faith    .     (no shield)
rPois  .         Spirit   .     (helmet unavailable)
rElec  .         Reflect  .     g - +0 cloak
rCorr  .         Harm     .     (no gloves)
MR     .....                    (no boots)
Stlth  ++........               (no amulet)
                                (no ring)
                                p - +2 ring of strength

@: very slow
A: permanent stasis, dig shafts and tunnels, four strong arms, antennae 3
a: Dig, Shaft Self, Bend Time, Renounce Religion


You were on level 5 of the Dungeon.
You worshipped Cheibriados.
Cheibriados was aware of your devotion.
You were not hungry.

You visited 1 branch of the dungeon, and saw 5 of its levels.

You collected 136 gold pieces.

Inventory:

Hand Weapons
 u - a +0 falchion (weapon)
Armour
 a - a +0 robe
 e - a +0 leather armour
 g - a +0 cloak (worn)
 m - a +0 scale mail
 o - a +0 ring mail (worn)
 s - a +0 buckler
Jewellery
 p - a +2 ring of strength (left hand)
 v - an uncursed amulet of guardian spirit
Scrolls
 d - 4 scrolls of identify {unknown}
 h - 3 scrolls of remove curse {unknown}
 l - a scroll of fear {unknown}
 q - a scroll of magic mapping {unknown}
 r - a scroll of amnesia {unknown}
Potions
 f - 2 potions of curing
 k - a potion of degeneration {unknown}
 n - a potion of cancellation {unknown}
 t - a potion of flight {unknown}
 w - 2 potions of mutation {unknown}
Books
 b - a book of Callings

   Spells                             Type                      Level
   a - Summon Small Mammal            Summoning                    1
   b - Call Imp                       Summoning                    2
   c - Call Canine Familiar           Summoning                    3
   d - Summon Guardian Golem          Hexes/Summoning              3
   e - Summon Lightning Spire         Summoning/Air                4
   f - Summon Ice Beast               Ice/Summoning                4
Comestibles
 c - 3 bread rations
 j - 4 beef jerkies
 x - a royal jelly


   Skills:
 + Level 2.5 Fighting
 + Level 2.1 Armour
 - Level 2.0 Dodging
 - Level 3.0 Stealth
 + Level 3.7 Spellcasting
 + Level 4.9 Summonings
 + Level 2.5 Invocations


You had 9 spell levels left.
You knew the following spells:

 Your Spells              Type           Power        Failure   Level  Hunger
a - Summon Small Mammal   Summ           ###.         4%          1    None
z - Call Imp              Summ           ###.....     8%          2    ##.....


Dungeon Overview and Level Annotations

Branches:
Dungeon (5/15)             Temple (0/1) D:4

Altars:
Cheibriados
Dithmenos
Qazlal

Annotations:
D:4 Eustachio
D:5 Dowan, Duvessa


Innate Abilities, Weirdness & Mutations

You are under a permanent stasis effect.
You can dig through walls and to a lower floor.
Your four strong arms can wield two-handed weapons with a shield.
You have a pair of large antennae on your head. (SInv)


Message History

Your quokka dies!
Your quokka's corpse disappears in a puff of smoke!
Duvessa says, "When magic and the sword combine, nothing stands against them."
Dowan points at Duvessa and mumbles some strange words.
Duvessa seems to speed up.
Duvessa says, "Practise, practise, practise!
One day you'll be as good as me."
Casting: Summon Small Mammal
Confirm with . or Enter, or press ? or * to list all spells.
Dowan says, "Stay away from my face!"
Duvessa barely misses you.
Dowan points at you and mumbles some strange words.
The puff of flame hits your quokka.
Your quokka dies!
Your quokka's corpse disappears in a puff of smoke!
Duvessa completely misses you. Duvessa barely misses you.
Duvessa hits you with a rapier!
* * * LOW HITPOINT WARNING * * *
Duvessa hits you with a rapier!
You die...

#.#
...#####.#.#
#.# #... #.#
#.# #..# #.#
#.# #.# #e#
#.# #.# #.#
.#.#####e#
.......@.#
########## {


You could see Duvessa and Dowan.

Vanquished Creatures
  Menkaure (D:4)
  A howler monkey (D:5)
  An orc wizard (D:5)
  A gnoll (D:3)
  An ooze (D:3)
  An adder skeleton (D:5)
  A dart slug (D:1)
  A leopard gecko (D:3)
  6 orcs (D:4)
  4 bats
  4 giant cockroaches
  A goblin (D:2)
  3 hobgoblins
  2 quokkas
  A frilled lizard (D:3)
  A kobold (D:3)
  3 rats
33 creatures vanquished.

Vanquished Creatures (collateral kills)
  A scorpion (D:3)
  A bullfrog zombie (D:3)
  4 adders
  An ooze (D:2)
  3 dart slugs
  2 orcs (D:4)
  3 goblins
  4 hobgoblins
  4 jackals (D:2)
  2 quokkas
  2 ball pythons (D:3)
  2 bats (D:3)
  A frilled lizard (D:1)
  5 kobolds
35 creatures vanquished.

Grand Total: 68 creatures vanquished

Notes
Turn   | Place    | Note
-------+----------+-------------------------------------------
     0 | D:1      | Krapule the Formicid Summoner began the quest for the Orb.
     0 | D:1      | Reached XP level 1. HP: 13/13 MP: 3/3
   688 | D:1      | Reached XP level 2. HP: 10/19 MP: 1/5
  1401 | D:2      | Found a stormy altar of Qazlal.
  1716 | D:2      | Reached XP level 3. HP: 22/24 MP: 3/6
  1780 | D:2      | Found a snail-covered altar of Cheibriados.
  1801 | D:2      | Became a worshipper of Cheibriados the Contemplative
  2009 | D:2      | Learned a level 2 spell: Call Imp
  2684 | D:3      | Reached XP level 4. HP: 31/31 MP: 4/7
  2795 | D:3      | Found a shadowy altar of Dithmenos.
  2886 | D:3      | Reached * piety under Cheibriados
  2886 | D:3      | Reached skill level 1 in Fighting
  2886 | D:3      | Reached skill level 1 in Armour
  2886 | D:3      | Reached skill level 1 in Invocations
  3006 | D:4      | Found a staircase to the Ecumenical Temple.
  3006 | D:4      | Noticed Menkaure
  3238 | D:4      | Killed Menkaure
  3238 | D:4      | Reached XP level 5. HP: 37/38 MP: 1/9
  3255 | D:4      | Noticed Eustachio
  3278 | D:3      | Reached XP level 6. HP: 22/44 MP: 5/11
  3830 | D:5      | Entered Level 5 of the Dungeon
  3838 | D:5      | HP: 1/44 [howler monkey (3)]
  3851 | D:5      | HP: 2/45 [adder skeleton (1)]
  3852 | D:5      | Noticed Duvessa
  3885 | D:5      | Noticed Dowan
  3906 | D:5      | Slain by Duvessa

Skill      XL: |  1  2  3  4  5  6 |
---------------+-------------------+-----
Stealth        | 3 |  3.0
Dodging        | 2 |  2.0
Fighting       | 1 2 |  2.5
Armour         | 1 2 |  2.1
Invocations    | 2 |  2.5
Spellcasting   | 3 |  3.7
Summonings     | |  4.9

Action                   |  1- 3 |  4- 6 || total
-------------------------+-------+-------++-------
Melee: Unarmed           |   109 |    15 ||   124
       Falchion          |       |    99 ||    99
 Cast: Summon Small Mamm |    61 |    18 ||    79
       Call Imp          |       |    14 ||    14
  Use: Potion            |       |     4 ||     4
 Stab: Distracted        |     1 |     2 ||     3
       Sleeping          |       |     1 ||     1
  Eat: Chunk             |     7 |     3 ||    10
Armor: Robe              |     9 |       ||     9
       Leather armour    |     7 |       ||     7
       Scale mail        |    26 |       ||    26
       Ring mail         |     2 |    48 ||    50
       Skin              |       |    49 ||    49
Dodge: Dodged            |    65 |   104 ||   169
       Rpst.: Falchion   |       |    28 ||    28
